 Dungeon Crawl Stone Soup version 0.29.1-12-g30fa7ad0bf (webtiles) character file.

Game seed: 15368107291040086236

101913 fleeber the Devastator (level 16, -10/93 HPs)
             Began as a Gargoyle Earth Elementalist on Dec 19, 2022.
             Was an Elder of Vehumet.
             Mangled by an alligator snapping turtle (35 damage)
             ... on level 1 of the Shoals on Dec 20, 2022.
             The game lasted 03:57:29 (52113 turns).

fleeber the Devastator (GrEE)                      Turns: 52113, Time: 03:57:30

Health: -10/93     AC: 20    Str: 13    XL:     16   Next: 31%
Magic:  5/28       EV: 12    Int: 23    God:    Vehumet [****..]
Gold:   1272       SH: 14    Dex: 10    Spells: 4/31 levels left

rFire   + . .      SeeInvis .   Z - +4 demon whip (flame)
rCold   + . .      Faith    .   A - +0 kite shield {rC+}
rNeg    + . .      Spirit   .   h - +1 robe {rF+}
rPois   ∞          Reflect  +   k - +1 helmet
rElec   +          Harm     .   E - +0 cloak
rCorr   +          Rampage  .   G - +0 pair of gloves
Will    +....                   n - +0 pair of boots
Stlth   ++........              Q - amulet of reflection
HPRegen 0.25/turn               T - ring of wizardry
MPRegen 0.21/turn               b - ring of resist corrosion

@: flying
A: sickness immunity, AC +12, big wings, negative energy resistance 1,
electricity resistance, torment resistance 1, petrification resistance
a: Renounce Religion


You were on level 1 of the Shoals.
You worshipped Vehumet.
Vehumet was greatly pleased with you.
You visited 6 branches of the dungeon, and saw 26 of its levels.
You also visited: Sewer and Gauntlet.

You collected 2769 gold pieces.
You spent 1497 gold pieces at shops.

Inventory:

Hand Weapons
 Z - a +4 demon whip of flaming (weapon)
Missiles
 l - 34 poisoned darts (quivered)
 s - a throwing net
 I - 9 curare-tipped darts
Armour
 h - a +1 robe of fire resistance (worn)
 k - a +1 helmet (worn)
 n - a +0 pair of boots (worn)
 A - a +0 kite shield of cold resistance (worn)
 E - a +0 cloak (worn)
 G - a +0 pair of gloves (worn)
Jewellery
 b - a ring of resist corrosion (right hand)
 Q - an amulet of reflection (around neck)
 T - a ring of wizardry (left hand)
 X - a ring of positive energy
Wands
 g - a wand of roots (18)
 D - a wand of acid (5)
 L - a wand of charming (14)
 N - a wand of digging (4)
 O - a wand of polymorph (14)
 W - a wand of flame (20)
Scrolls
 a - a scroll of summoning
 f - 5 scrolls of magic mapping
 p - 7 scrolls of vulnerability
 q - 5 scrolls of noise
 r - 3 scrolls of blinking
 t - 2 scrolls of amnesia
 v - 3 scrolls of identify
 w - a scroll of fog
 y - a scroll of silence
 B - 2 scrolls of fear
 C - a scroll of brand weapon
 M - 4 scrolls of torment
 P - 4 scrolls of immolation
 S - 8 scrolls of teleportation
 U - 4 scrolls of poison
Potions
 c - 2 potions of might
 d - a potion of invisibility
 e - 4 potions of brilliance
 j - 4 potions of attraction
 m - 7 potions of curing
 o - 5 potions of haste
 u - 5 potions of flight
 x - 3 potions of mutation
 z - 4 potions of cancellation
 F - a potion of ambrosia
 H - 3 potions of resistance
 J - a potion of berserk rage
 R - 4 potions of lignification
Miscellaneous
 i - a condenser vane
 K - a tin of tremorstones (2/2)
 V - a phantom mirror


   Skills:
 - Level 8.0 Fighting
 - Level 0.1 Maces & Flails
 + Level 5.7 Dodging
 - Level 2.1 Stealth
 + Level 6.7 Shields
 - Level 8.0 Spellcasting
 * Level 15.7 Conjurations
 - Level 4.0 Translocations
 - Level 4.0 Transmutations
 * Level 15.4 Fire Magic
 * Level 14.4 Earth Magic
 - Level 4.0 Evocations


You had 4 spell levels left.
You knew the following spells:

 Your Spells              Type           Power      Damage    Failure   Level
a - Sandblast             Erth           100%       2d20      1%          1
b - Stone Arrow           Conj/Erth      100%       3d13      1%          3
c - Passwall              Tmut/Erth      42%        N/A       1%          2
d - Petrify               Tmut/Erth      51%        N/A       1%          4
e - Iskenderun's Mystic   Conj/Tloc      53%        2d11      1%          4
f - Starburst             Conj/Fire      34%        6d10      1%          6
g - Blink                 Tloc           54%        N/A       2%          2
h - Lee's Rapid Deconstr  Erth           33%        3d18*     1%          5

Your spell library contained the following spells:

 Spells                   Type           Power      Damage    Failure   Level
 Magic Dart               Conj           100%       1d8       1%          1
 Searing Ray              Conj           100%       2d8       1%          2
 Conjure Flame            Conj/Fire      69%        6-21      1%          3
 Dazzling Flash           Conj/Hex       90%        N/A       1%          3
 Ignite Poison            Fire/Tmut/Pois 38%        N/A       1%          3
 Fulminant Prism          Conj/Hex       22%        3d13      1%          4
 Hailstorm                Conj/Ice       45%        3d10      1%          4
 Sticky Flame             Conj/Fire      69%        2d8       1%          4
 Freeze                   Ice            36%        1d6       2%          1
 Gell's Gravitas          Tloc           27%        N/A       4%          3
 Lesser Beckoning         Tloc           27%        N/A       4%          3
 Teleport Other           Tloc           27%        N/A       4%          3
 Frozen Ramparts          Ice            18%        1d3       6%          3
 Summon Small Mammal      Summ           36%        N/A       8%          1
 Passage of Golubria      Tloc           27%        N/A       14%         4
 Airstrike                Air            4%         2d(1-17)  19%         4
 Call Canine Familiar     Summ           9%         N/A       21%         3
 Summon Guardian Golem    Hex/Summ       9%         N/A       21%         3
 Tukima's Dance           Hex            9%         N/A       21%         3
 Summon Lightning Spire   Summ/Air       9%         N/A       54%         4
 Lightning Bolt           Conj/Air       22%        1d38      2%          5
 Yara's Violent Unravell  Hex/Tmut       9%         3d6       22%         5
 Manifold Assault         Tloc           27%        N/A       34%         5
 Agony                    Necr           9%         N/A       86%         5
 Silence                  Hex/Air        4%         N/A       86%         5
 Storm Form               Tmut/Air       9%         N/A       100%        7
 Maxwell's Capacitive Co  Air            4%         ∞         100%        8


Dungeon Overview and Level Annotations

Branches:
Dungeon (15/15)            Temple (1/1) D:5            Lair (5/5) D:10
 Shoals (1/4) Lair:3       Spider (2/4) Lair:3        Slime (0/5) Lair:5
    Orc (2/2) D:9             Elf (0/3) Orc:2        Vaults (0/5) D:14
 Depths (0/4) D:15          Sewer (visited)         Gauntlet (visited)

Altars:
Ashenzari
Dithmenos
Elyvilon
Fedhas
Gozag
Hepliaklqana
Kikubaaqudgha
Makhleb
Nemelex Xobeh
Okawaru
Qazlal
Ru
Trog
Uskayaw
Vehumet
Wu Jian
Xom
Yredelemnul
Zin
The Shining One
Jiyva

Shops:
D:6 *   D:11 *   D:15 =   Orc:2 !*:*?

Annotations:
D:3 exclusion: downstairs
D:8 exclusion: 2 downstairs
D:9 exclusion: downstairs
D:10 exclusion: downstairs
Lair:1 exclusion: downstairs
Shoals:1 1 runed translucent door, Roxanne; elongatedgoose's ghost, journeyman SpBr


Innate Abilities, Weirdness & Mutations

You are immune to sickness and miasma.
Your stone body is resilient. (AC +12)
You are immune to poison.
Your large and strong wings let you fly.
You resist negative energy. (rN+)
You are resistant to electric shocks. (rElec)
You are resistant to unholy torment.
You are immune to petrification.


Message History

The alligator snapping turtle is knocked back by the mystic blast.
The merfolk aquamancer shouts!
You can't see any susceptible monsters within range! (Use Z to cast anyway.)
Aiming: Lee's Rapid Deconstruction (mildly dangerous; 1% risk of failure)
Press: ? - help, Dir - move target, f - you A staircase back to the Lair.
Okay, then.
Aiming: Stone Arrow (safe; 1% risk of failure)
Press: ? - help, Shift-Dir - straight line, f - alligator snapping turtle
Aim: an alligator snapping turtle (lightly wounded, 100% to hit)
The stone arrow hits the alligator snapping turtle.
The alligator snapping turtle is lightly wounded.
Casting: Starburst (dangerous; 1% risk of failure)
Press: ? - help, Dir - look around, f - activate The bolt of fire hits the alligator snapping turtle!
The alligator snapping turtle is lightly wounded.
The alligator snapping turtle bites you from afar!!
Casting: Starburst (dangerous; 1% risk of failure)
Press: ? - help, Dir - look around, f - activate The bolt of fire hits the merfolk aquamancer!!!
You kill the merfolk aquamancer!
Vehumet accepts your kill.
You feel your power returning.
You hear a splash. x2
The bolt of fire hits the alligator snapping turtle!!!
The alligator snapping turtle is heavily wounded.
The alligator snapping turtle is engulfed in a cloud of scalding steam.
The alligator snapping turtle bites you from afar!!!
* * * LOW HITPOINT WARNING * * *
Casting: Starburst (dangerous; 1% risk of failure)
Press: ? - help, Dir - look around, f - activate
Okay, then.
You erupt in a blast of force!
The mystic blast hits the alligator snapping turtle but does no damage.
The alligator snapping turtle is heavily wounded.
You erupt in a blast of force!
The mystic blast hits the alligator snapping turtle but does no damage.
The alligator snapping turtle is heavily wounded.
The alligator snapping turtle bites you from afar!!
You die...

≈≈≈≈≈≈≈≈~...~............~~~~~~..
≈≈≈≈≈≈≈≈~~~.~~.........~~~≈~~~~~.
≈≈≈≈≈≈≈≈~~..#..........~~≈≈≈≈≈~~~
≈≈≈≈≈≈≈~~~..#....)).))~~≈≈≈≈≈≈≈≈~
≈≈≈≈≈~~~.......§§§..)~~~≈≈≈≈≈≈≈≈~
≈≈≈≈≈~.........§~§~~~~≈≈≈≈≈≈≈≈≈≈≈
≈≈≈≈~~...###...§t§§~~~≈≈≈≈≈≈≈≈≈≈~
≈≈≈≈~~....###...~§§[~§§~~≈≈≈≈≈≈~.
≈≈≈≈≈~~~..#####.@~≈~§~~~~≈≈≈≈≈≈~.
≈≈≈≈~~~...#####§§§~§~§~~≈≈≈≈≈~~)
≈≈≈≈≈~~~....###......~≈≈≈≈≈≈≈~~.
≈≈≈≈≈≈~~~....##......~~≈≈≈≈≈≈~~.
≈≈≈≈≈≈≈~~~.(......~~.~~~~~~~≈~~~
≈≈≈≈≈≈≈≈~~~......~~~~~~..~~~≈≈~~
≈≈≈≈≈≈≈≈~~~..~§~~~~~~§...~~~≈≈~
≈≈≈≈≈≈≈≈~~~~~~~~~~~........~~~~
≈≈≈≈≈≈≈≈≈≈~~~~~~~~~~.###......~


You could see an alligator snapping turtle.

Vanquished Creatures
  Asterion (Spider:1)
  Snorg (Lair:5)
  2 ettins (Orc:2)
  A merfolk javelineer (Shoals:1)
  A fire dragon (D:15)
  5 hydras
  Erolcha (D:13)
  An ice dragon (D:15)
  2 boulder beetles (Lair:5)
  A vault guard (D:14)
  2 catoblepae
  2 ogre magi (Orc:2)
  3 centaur warriors
  13 two-headed ogres
  3 merfolk aquamancers (Shoals:1)
  A merfolk avatar (Shoals:1)
  An orc high priest (Orc:2)
  3 tengu warriors
  Sonja (D:12)
  A fire crab (shapeshifter) (D:14)
  6 sea snakes
  3 skeletal warriors (D:12)
  2 pharaoh ants (Spider:1)
  2 deep trolls (Orc:2)
  A deep elf pyromancer (D:13)
  3 orc knights
  3 orc sorcerers (Orc:2)
  3 wolf spiders
  7 cyclopes
  An oklob plant (Lair:5)
  A salamander (shapeshifter) (D:15)
  9 fauns (Shoals:1)
  11 ugly things
  4 manticores
  4 black mambas
  4 merfolk sirens (Shoals:1)
  A water nymph (Shoals:1)
  A gargoyle (D:12)
  9 cane toads
  3 rime drakes
  3 demonic crawlers (Spider:1)
  An unseen horror (D:12)
  7 komodo dragons
  2 tengu conjurers (D:15)
  3 merfolk (Shoals:1)
  15 trolls
  8 hornets
  4 wind drakes (Shoals:1)
  9 polar bears
  A meliai (Lair:3)
  A tarantella (Spider:1)
  8 blink frogs
  5 slime creatures (D:13)
  11 dream sheep
  4 snapping turtles (Shoals:1)
  3 jumping spiders (Spider:1)
  12 spriggans
  2 vampires
  4 shadows
  3 wyverns
  4 wraiths
  37 yaks
  4 fire bats (Lair:3)
  A water elemental (Shoals:1)
  7 redbacks (Spider:1)
  3 steam dragons
  6 vampire mosquitoes
  5 basilisks
  5 wargs
  14 water moccasins
  2 acid dragons
  5 black bears
  5 ice beasts
  14 orc warriors
  23 ogres
  A sky beast (D:8)
  6 centaurs
  22 wolves
  5 boggarts (Lair:5)
  A phantom (D:5)
  4 kobold brigands
  5 bullfrogs
  2 gnoll sergeants
  7 scorpions
  A necrophage (D:6)
  18 killer bees
  6 howler monkeys
  3 jellies
  2 electric eels
  A hound (D:6)
  18 orc priests
  3 iguanas
  17 orc wizards
  10 gnolls
  7 adders
  An ufetubus (D:4)
  A worm (D:5)
  2 dart slugs
  49 orcs
  14 ball pythons
  7 bats
  5 endoplasms
  5 giant cockroaches
  10 goblins
  4 hobgoblins
  5 quokkas
  9 frilled lizards
  17 kobolds
  10 rats
643 creatures vanquished.

Vanquished Creatures (collateral kills)
  A merfolk javelineer (Shoals:1)
  A centaur warrior (Shoals:1)
2 creatures vanquished.

Vanquished Creatures (others)
  2 manticores
  A bush (Lair:5)
  36 demonic plants (Gauntlet)
  56 fungi
  141 plants
236 creatures vanquished.

Grand Total: 881 creatures vanquished

Notes
Turn   | Place    | Note
-------+----------+-------------------------------------------
     0 | D:1      | fleeber the Gargoyle Earth Elementalist began the quest for
                  | the Orb.
     0 | D:1      | Reached XP level 1. HP: 10/10 MP: 3/3
   242 | D:1      | Reached XP level 2. HP: 15/15 MP: 3/5
   407 | D:1      | Found a faded altar of an unknown god.
   684 | D:1      | Reached XP level 3. HP: 19/19 MP: 3/6
  1689 | D:2      | Reached XP level 4. HP: 24/24 MP: 5/8
  1900 | D:2      | Reached skill level 5 in Earth Magic
  2583 | D:3      | Found a shimmering altar of Xom.
  2674 | D:3      | Found a glowing silver altar of Zin.
  2867 | D:3      | Found a glowing drain.
  2949 | Sewer    | Entered a sewer
  2977 | Sewer    | Noticed a kobold brigand
  2990 | Sewer    | Killed a kobold brigand
  2991 | Sewer    | Reached XP level 5. HP: 28/28 MP: 4/10
  3123 | Sewer    | Noticed a kobold brigand
  3544 | D:4      | Noticed a kobold brigand
  3572 | D:4      | Reached XP level 6. HP: 32/32 MP: 8/12
  3602 | D:4      | Learned a level 3 spell: Stone Arrow
  4061 | D:4      | Found a shadowy altar of Dithmenos.
  4245 | D:4      | Reached XP level 7. HP: 36/36 MP: 8/13
  4500 | D:5      | Entered Level 5 of the Dungeon
  5805 | D:5      | Reached skill level 5 in Conjurations
  5878 | D:5      | Found a staircase to the Ecumenical Temple.
  5888 | Temple   | Entered the Ecumenical Temple
  6042 | D:5      | Reached XP level 8. HP: 41/41 MP: 9/14
  6621 | D:5      | Learned a level 2 spell: Passwall
  6770 | D:6      | Found Atengy's Lightly-Used Armoury.
  7163 | D:6      | Identified the +2 robe of Korgh {Regen+ MP-9 Str+5 Stlth+}
  7194 | D:6      | Reached skill level 1 in Transmutations
  7586 | D:6      | Reached XP level 9. HP: 45/45 MP: 11/15
  8508 | D:7      | Found a radiant altar of Vehumet.
  9172 | D:7      | Noticed a +0 spear
  9172 | D:7      | Noticed a +0 dagger
  9172 | D:7      | Noticed a +0 short sword
  9172 | D:7      | Noticed a +0 falchion
  9173 | D:7      | Noticed a +0 short sword
  9173 | D:7      | Noticed a +0 falchion
  9174 | D:7      | Noticed a +0 dagger
  9175 | D:7      | Found a hide-covered altar of Uskayaw.
  9176 | D:7      | Noticed a +0 spear
  9593 | D:7      | Learned a level 4 spell: Petrify
  9655 | D:7      | Reached skill level 10 in Earth Magic
  9734 | D:7      | You fall into a shaft and drop 2 floors!
 10682 | D:7      | Reached XP level 10. HP: 50/50 MP: 6/16
 10747 | D:7      | Found a hazy altar of Hepliaklqana.
 11995 | D:9      | Noticed a two-headed ogre
 12415 | D:9      | Found a glowing golden altar of the Shining One.
 12722 | D:9      | Reached skill level 1 in Fighting
 12835 | D:9      | Found a staircase to the Orcish Mines.
 13152 | D:9      | Killed a two-headed ogre
 13153 | D:9      | Reached skill level 1 in Evocations
 13370 | D:9      | Found an ancient bone altar of Kikubaaqudgha.
 13495 | D:9      | Found a sacrificial altar of Ru.
 13577 | D:10     | Entered Level 10 of the Dungeon
 13829 | D:10     | Reached XP level 11. HP: 62/62 MP: 5/17
 14023 | D:10     | Noticed a two-headed ogre
 14259 | D:10     | Found a staircase to the Lair.
 14765 | D:10     | Reached skill level 1 in Shields
 14953 | D:11     | Noticed a two-headed ogre
 14956 | D:11     | Killed a two-headed ogre
 14957 | D:11     | Reached skill level 5 in Fighting
 15044 | D:10     | Killed a two-headed ogre
 15296 | D:10     | Noticed a two-headed ogre
 15640 | D:10     | Killed a two-headed ogre
 16217 | D:11     | Found Kyclen's General Store.
 16223 | D:11     | Bought a scroll of fog for 60 gold pieces
 16223 | D:11     | Bought a scroll of blinking for 112 gold pieces
 16223 | D:11     | Bought a scroll of amnesia for 60 gold pieces
 16223 | D:11     | Bought a potion of magic for 120 gold pieces
 16223 | D:11     | Bought a potion of curing for 45 gold pieces
 17516 | D:11     | Reached skill level 1 in Fire Magic
 18472 | Lair:1   | Entered Level 1 of the Lair of Beasts
 18637 | Lair:1   | Reached XP level 12. HP: 73/73 MP: 2/18
 18851 | Lair:1   | Found a glowing golden altar of the Shining One.
 19139 | Lair:1   | Reached skill level 5 in Fire Magic
 20309 | Lair:2   | Noticed a seven-headed hydra
 20741 | Lair:2   | Killed a seven-headed hydra
 20742 | Lair:2   | Reached skill level 10 in Conjurations
 22370 | Lair:3   | Noticed an eight-headed hydra
 22828 | Lair:3   | Noticed a four-headed hydra
 22880 | Lair:3   | Killed a four-headed hydra
 23047 | Lair:3   | Killed an eight-headed hydra
 23326 | Lair:3   | Reached XP level 13. HP: 78/78 MP: 15/19
 23560 | Lair:3   | Found a shimmering altar of Xom.
 23730 | Lair:3   | Found a hole to the Spider Nest.
 24006 | Lair:3   | Found a staircase to the Shoals.
 25290 | Lair:4   | Found a gate leading to a gauntlet.
 25300 | Gauntlet | Entered a Gauntlet
 25300 | Gauntlet | Found a large runed translucent door.
 25300 | Gauntlet | Found a large runed translucent door.
 25300 | Gauntlet | Found a large runed translucent door.
 25300 | Gauntlet | Found a large runed translucent door.
 25300 | Gauntlet | Found a large runed translucent door.
 25300 | Gauntlet | Found a large runed translucent door.
 25300 | Gauntlet | Found a runed translucent door.
 25300 | Gauntlet | Found a transporter.
 25300 | Gauntlet | Found a transporter.
 25300 | Gauntlet | Found a runed translucent door.
 25300 | Gauntlet | Found a large runed translucent door.
 25300 | Gauntlet | Found a large runed translucent door.
 25300 | Gauntlet | Found a large runed translucent door.
 25300 | Gauntlet | Found a large runed translucent door.
 25300 | Gauntlet | Found a large runed translucent door.
 25300 | Gauntlet | Found a large runed translucent door.
 25309 | Gauntlet | Found a transporter.
 25321 | Gauntlet | Found a transporter.
 25337 | Gauntlet | Found a transporter.
 25350 | Gauntlet | Found a transporter.
 25420 | Gauntlet | Found a large runed translucent door.
 25420 | Gauntlet | Found a large runed translucent door.
 25421 | Gauntlet | Found a runed translucent gate.
 25421 | Gauntlet | Found a runed translucent gate.
 25421 | Gauntlet | Found a runed translucent gate.
 25423 | Gauntlet | Found a transporter.
 25433 | Gauntlet | Found a large runed translucent door.
 25434 | Gauntlet | Found a large runed translucent door.
 25438 | Gauntlet | Found a transporter.
 25454 | Gauntlet | Found a transporter.
 25467 | Gauntlet | Found a transporter.
 25473 | Gauntlet | Noticed a quicksilver ooze
 25483 | Gauntlet | Found a transporter.
 25550 | Gauntlet | Found a transporter.
 25560 | Gauntlet | Found a transporter.
 25570 | Gauntlet | Found a transporter.
 25594 | Gauntlet | Found a transporter.
 25652 | Gauntlet | Found a transporter.
 26644 | Lair:5   | Entered Level 5 of the Lair of Beasts
 26657 | Lair:5   | Reached skill level 10 in Fire Magic
 27716 | Lair:5   | Noticed Snorg
 27721 | Lair:5   | Killed Snorg
 27722 | Lair:5   | Reached skill level 5 in Spellcasting
 27835 | Lair:5   | Found a staircase to the Slime Pits.
 27835 | Lair:5   | Found a viscous altar of Jiyva.
 30693 | Lair:5   | Gained mutation: Your large and strong wings let you fly.
                  | [Gargoyle growth]
 30693 | Lair:5   | Reached XP level 14. HP: 77/84 MP: 12/23
 31169 | Lair:5   | Identified the +3 short sword of Perversion {elec, *Slow
                  | rElec rC++}
 31281 | Lair:5   | Learned a level 6 spell: Starburst
 31736 | D:7      | Became a worshipper of Vehumet
 31913 | D:12     | Identified the +7 broad axe of Fundamental Breach {elec,
                  | +Blink Str-3 Dex+5}
 33477 | D:12     | Noticed Sonja
 33491 | D:12     | Killed Sonja
 34197 | Orc:1    | Entered Level 1 of the Orcish Mines
 34559 | Orc:1    | Reached * piety under Vehumet
 34559 | Orc:1    | Offered knowledge of Foxfire by Vehumet.
 34958 | Orc:2    | Entered Level 2 of the Orcish Mines
 35142 | Orc:2    | Found a staircase to the Elven Halls.
 36116 | Orc:2    | Offered knowledge of Scorch by Vehumet.
 36138 | Orc:2    | Learned a level 4 spell: Iskenderun's Mystic Blast
 36291 | Orc:2    | Reached ** piety under Vehumet
 36370 | Orc:2    | Reached skill level 1 in Translocations
 36799 | Orc:2    | Found Kacveawe's Magic Scroll Shoppe.
 36803 | Orc:2    | Bought a scroll of identify for 26 gold pieces
 36803 | Orc:2    | Bought a scroll of identify for 26 gold pieces
 36803 | Orc:2    | Bought a scroll of teleportation for 39 gold pieces
 36803 | Orc:2    | Bought a scroll of teleportation for 39 gold pieces
 36803 | Orc:2    | Bought a scroll of teleportation for 39 gold pieces
 36803 | Orc:2    | Bought a scroll of teleportation for 39 gold pieces
 37912 | Orc:2    | Paralysed by something for 4 turns
 38502 | Orc:2    | Found Cetimek's Book Shoppe.
 38519 | Orc:2    | Found Onatuok's Assorted Antiques.
 38520 | Orc:2    | Found Bunlos's General Store.
 38522 | Orc:2    | Bought a book of Spatial Translocations for 338 gold pieces
 38525 | Orc:2    | Learned a level 2 spell: Blink
 38530 | Orc:2    | Bought a scroll of identify for 54 gold pieces
 38536 | Orc:2    | Found Plog's Distillery.
 38539 | Orc:2    | Bought a scroll of identify for 30 gold pieces
 38545 | Orc:2    | Bought a potion of heal wounds for 75 gold pieces
 38545 | Orc:2    | Bought a potion of heal wounds for 75 gold pieces
 38931 | Orc:1    | Reached XP level 15. HP: 87/88 MP: 8/24
 39479 | D:13     | Noticed Erolcha
 39486 | D:13     | Killed Erolcha
 40845 | D:14     | Offered knowledge of Mephitic Cloud by Vehumet.
 41519 | D:14     | Reached *** piety under Vehumet
 41520 | D:14     | Reached skill level 5 in Shields
 41792 | D:14     | Found a gate to the Vaults.
 42455 | D:15     | Entered Level 15 of the Dungeon
 42551 | D:15     | Found Idaegori's Jewellery Boutique.
 42558 | D:15     | Bought a ring of resist corrosion for 320 gold pieces
 45657 | D:15     | Reached skill level 5 in Dodging
 45792 | D:15     | Found a staircase to the Depths.
 46502 | Spider:1 | Entered Level 1 of the Spider Nest
 46512 | Spider:1 | Offered knowledge of Flame Wave by Vehumet.
 46712 | Spider:1 | Noticed Asterion
 46750 | Spider:1 | Killed Asterion
 46751 | Spider:1 | Reached skill level 15 in Conjurations
 47633 | Shoals:1 | Entered Level 1 of the Shoals
 48001 | Shoals:1 | Reached **** piety under Vehumet
 48002 | Shoals:1 | Reached skill level 15 in Fire Magic
 48448 | Shoals:1 | Found a runed translucent door.
 48448 | Shoals:1 | Noticed elongatedgoose's ghost (journeyman SpBr)
 49132 | Shoals:1 | Reached XP level 16. HP: 55/93 MP: 18/28
 49135 | Shoals:1 | Offered knowledge of Lee's Rapid Deconstruction by Vehumet.
 49490 | Shoals:1 | Learned a level 5 spell: Lee's Rapid Deconstruction
 49812 | Shoals:1 | Noticed Roxanne
 51481 | Shoals:1 | HP: 4/93 [merfolk javelineer/silver javelin (1)]
 52113 | Shoals:1 | Mangled by an alligator snapping turtle

Illustrated notes

Levels and vault maps discovered:
D:1:      erik_arrival_blinker_ship, layout_basic, basic_ecumenical_altar,
          chequers_serial_rivers_small_3, chequers_serial_rivers_small_3
D:2:      layout_loops_corners
D:3:      layout_loops_ring, nicolae_overflow_crystal_walls,
          mainiacjoe_overflow_24_doors, portal_sewer_entry_a,
          minmay_misc_feat_four_crosses, kennysheep_generic_room_13
D:4:      layout_gridville, nicolae_overflow_hidden_temple
D:5:      layout_gridville, minmay_temple_entry_gardened_gates,
          minmay_misc_feat_encased, minmay_misc_feat_square,
          grunt_decor_junction, kennysheep_crisscross, st_stairs_4,
          corexii_item_surrounded_by_moat
D:6:      layout_loops_cross, chequers_serial_rivers_marsh,
          chequers_serial_rivers_large_a, nicolae_water_bricks,
          minmay_shop_damaged
D:7:      layout_cave_pods, nicolae_hepliaklqana_hippocampus,
          mainiacjoe_overflow_surrounded_room, nicolae_uskayaw_en_pointe,
          serial_column_ruins, column_ruins_circle_small,
          column_ruins_columns_water, column_ruins_open_tiny,
          column_ruins_open_tiny
D:8:      layout_loops_ring
D:9:      layout_cave_pools, nicolae_ru_the_path_less_chosen,
          mainiacjoe_overflow_small_starburst, marbit_many_paths,
          minmay_orc_entry_guard_dogs
D:10:     layout_gridville, david_lair_shrubbed, kennysheep_pointless_box
D:11:     layout_long_grid, serial_co_window_serial, co_window_cross_1,
          co_window_corner_a, co_window_of_opportunity_a, co_window_paths_b,
          co_window_paths_b, co_window_paths_c, co_window_paths_c,
          co_window_broadway_b, co_window_of_opportunity_b,
          co_window_broadway_a, co_window_broadway_b, co_window_paths_d,
          co_window_4corner_b, glass_columns_a, glass_columns_b,
          glass_columns_a, glass_columns_a, serial_shops, shop
D:12:     layout_gridville, blue_anna_alchemist, uniq_sonja
D:13:     layout_roguey, uniq_erolcha
D:14:     layout_irregular_city, david_vaults_5, serial_bayou_pond_a,
          kennysheep_dice
D:15:     grunt_enter_depths_hoard, layout_basic, serial_shops, shop_statue,
          serial_park_tiny_1
Temple:   jpeg_temple_clearing
Lair:1:   layout_chaotic_city, basic_altar
Lair:2:   layout_chaotic_city, infiniplex_staircase_pool
Lair:3:   layout_gridlike, elwin_shoals_entry_rooms,
          hellmonk_spider_entry_not_the_bees, serial_rivers,
          chequers_serial_rivers_marsh, chequers_serial_rivers_room_a,
          chequers_serial_rivers_micro_b, chequers_serial_rivers_micro_a,
          chequers_serial_rivers_small_a, chequers_serial_rivers_marsh,
          lemuel_centaur_altar, grunt_megastairs_3
Lair:4:   layout_regular_city, gauntlet_entry_generic, grunt_megastairs_2
Lair:5:   minmay_lair_end_enchanted_forest, layout_loops_ring, slime_entry_1,
          uniq_snorg
Shoals:1: cheibrodos_shoals_epimethial_gifts, layout_shoals,
          hellmonk_ghost_happy_afterlife, uniq_roxanne
Spider:1: layout_spider_delve, uniq_asterion
Spider:2: layout_chambers, guppyfry_spider_mini_2
Orc:1:    layout_diamond_mine
Orc:2:    st_orc_open, layout_caves, serial_shops, shop

Skill      XL: |  1  2  3  4  5  6  7  8  9 10 11 12 13 14 15 |
---------------+----------------------------------------------+-----
Earth Magic    | 4 5 6 7 8 12 14 | 14.4
Spellcasting   | 3 4 6 8 |  8.0
Conjurations   | 5 8 11 12 14 15 | 15.7
Transmutations | 2 4 |  4.0
Fighting       | 4 8 |  8.0
Dodging        | 3 4 5 |  5.7
Evocations     | 2 4 |  4.0
Shields        | 4 6 |  6.7
Fire Magic     | 4 8 11 14 15 | 15.4
Translocations | 4 |  4.0
Maces & Flails | |  0.1
Stealth        | |  2.1

Action                   |  1- 3 |  4- 6 |  7- 9 | 10-12 | 13-15 | 16-18 || total
-------------------------+-------+-------+-------+-------+-------+-------++-------
Melee: Short sword       |       |       |       |    18 |    27 |       ||    45
       Whip              |       |       |       |       |     2 |       ||     2
       Demon whip        |       |       |       |       |    24 |     9 ||    33
Throw: Dart              |       |     1 |     4 |     6 |     6 |       ||    17
 Cast: Sandblast         |    54 |    88 |    45 |    13 |   138 |     1 ||   339
       Stone Arrow       |       |       |   115 |   296 |   630 |    92 ||  1133
       Petrify           |       |       |       |     5 |     6 |       ||    11
       Passwall          |       |       |       |     1 |     2 |       ||     3
       Starburst         |       |       |       |       |    31 |     6 ||    37
       Iskenderun's Myst |       |       |       |       |    94 |    22 ||   116
       Blink             |       |       |       |       |     1 |     1 ||     2
       Lee's Rapid Decon |       |       |       |       |       |     5 ||     5
Evoke: Wand              |       |       |       |    14 |    14 |     4 ||    32
       Tin of tremorston |       |       |       |       |     1 |       ||     1
  Use: Scroll            |       |       |     6 |    13 |    26 |       ||    45
       Potion            |       |       |     2 |     3 |    11 |     3 ||    19
Armor: Robe              |     9 |    14 |    24 |    69 |   183 |    14 ||   313
       Steam dragon scal |       |       |     1 |       |       |       ||     1
Dodge: Dodged            |     8 |    18 |    36 |    98 |   192 |    19 ||   371
Block: Kite shield       |       |       |       |    63 |   227 |    39 ||   329
       Buckler           |       |       |       |       |    59 |       ||    59
       Reflection        |       |       |       |       |    36 |    11 ||    47
